[ AOE2 MATCH · #478523550 ]
UnrankedTurks vs Incas
[ REPLAY ANALYSIS · EXTRACTED FROM THE RECORDED GAME ]
Feudal
12:46
Castle
16:18
Imperial
20:26
| APM avg | 25.9 |
| APM peak | 52 |
| eAPM avg | 15.6 |
| Villagers / military | 187 / 215 |
Focus
⚔️ 23.9% · 🌾 76.1%
Scout Cavalry ×115 · Hand Cannoneer ×79 · Bombard Cannon ×20 · Monk ×1
Feudal
11:17
Castle
14:48
Imperial
31:47
| APM avg | 28.8 |
| APM peak | 85 |
| eAPM avg | 17.7 |
| Villagers / military | 133 / 25 |
Focus
⚔️ 36.7% · 🌾 63.3%
Unknown (2550) ×130 · Unknown (882) ×83 · Kamayuk ×22 · Trade Cart ×3 · Spearman ×2 · Monk ×1
Feudal
9:17
Castle
20:57
Imperial
34:47
| APM avg | 41.8 |
| APM peak | 84 |
| eAPM avg | 18.0 |
| Villagers / military | 145 / 443 |
Focus
⚔️ 34.0% · 🌾 66.0%
Scout Cavalry ×237 · Knight ×153 · Steppe Lancer ×49 · Trade Cart ×21 · Trebuchet (Packed) ×3 · Camel Scout ×1
Feudal
10:31
Castle
14:28
Imperial
33:05
| APM avg | 49.7 |
| APM peak | 106 |
| eAPM avg | 30.3 |
| Villagers / military | 114 / 178 |
Focus
⚔️ 24.0% · 🌾 76.0%
Hand Cannoneer ×73 · Ghulam ×48 · Spearman ×41 · Skirmisher ×10 · Trebuchet (Packed) ×3 · Petard ×2
Feudal
10:39
Castle
14:17
Imperial
34:35
| APM avg | 38.6 |
| APM peak | 82 |
| eAPM avg | 21.7 |
| Villagers / military | 152 / 475 |
Focus
⚔️ 39.1% · 🌾 60.9%
Spearman ×311 · Militia ×162 · Unknown (1974) ×18 · Unknown (1942) ×9 · Unknown (1968) ×5 · Monk ×2
Feudal
10:31
Castle
14:12
Imperial
42:29
| APM avg | 31.2 |
| APM peak | 79 |
| eAPM avg | 18.0 |
| Villagers / military | 145 / 87 |
Focus
⚔️ 33.9% · 🌾 66.1%
Knight ×40 · Scout Cavalry ×23 · Throwing Axeman ×22 · Petard ×2
Feudal
10:59
Castle
14:38
Imperial
40:35
| APM avg | 47.8 |
| APM peak | 105 |
| eAPM avg | 22.6 |
| Villagers / military | 248 / 129 |
Focus
⚔️ 18.5% · 🌾 81.5%
Archer ×123 · Bombard Cannon ×4 · Monk ×1 · Mangonel ×1
Feudal
10:31
Castle
14:11
Imperial
28:16
| APM avg | 25.6 |
| APM peak | 85 |
| eAPM avg | 12.8 |
| Villagers / military | 116 / 143 |
Focus
⚔️ 32.1% · 🌾 67.9%
Genoese Crossbowman ×131 · Monk ×6 · Bombard Cannon ×6
Match map
Initial resources + every placement click. Lines = walls · curves = elevation contours. ◆ gold · ⬟ stone · ● berries · ✦ relic · ◌ wall gap
Your base· ✓ Closed at 16:18 · 0t walls · 3 gate(s)
Jack's base· ✓ Closed at 14:48 · 0t walls · 3 gate(s)
Svodoo's base· ✓ Closed at 20:57 · 0t walls · 2 gate(s)
Tiger's base· ✓ Closed at 14:28 · 0t walls · 2 gate(s)
16岁少女在公交车上被11个大汉轮流让座's base· ✓ Closed at 14:17 · 0t walls · 2 gate(s)
PINLIN's base· ✓ Closed at 14:12 · 0t walls · 3 gate(s)
2987052186's base· ✓ Closed at 14:38 · 0t walls · 3 gate(s)
TwHA0's base· ✓ Closed at 14:11 · 0t walls · 2 gate(s)
Smoothed initial terrain · ◌ = detected wall gap · hover for details
Inputs per minute
— Futhark - - Jack
Build order — Futhark
First 150 of 476 actions detected
| 0:01 | Create | Villager (Male) |
| 0:02 | Build | House |
| 0:04 | Build | House |
| 0:21 | Create | Villager (Male) |
| 0:21 | Create | Villager (Male) |
| 0:21 | Create | Villager (Male) |
| 0:21 | Create | Villager (Male) |
| 1:12 | Create | Villager (Male) |
| 1:12 | Create | Villager (Male) |
| 1:54 | Build | Lumber Camp |
| 2:00 | Create | Villager (Male) |
| 2:00 | Create | Villager (Male) |
| 2:29 | Create | Villager (Male) |
| 2:29 | Create | Villager (Male) |
| 2:29 | Create | Villager (Male) |
| 3:26 | Create | Villager (Male) |
| 3:42 | Build | House |
| 3:52 | Create | Villager (Male) |
| 4:21 | Create | Villager (Male) |
| 4:25 | Build | House |
| 4:29 | Build | Mill |
| 4:42 | Create | Villager (Male) |
| 5:00 | Create | Villager (Male) |
| 5:25 | Create | Villager (Male) |
| 5:39 | Create | Villager (Male) |
| 6:02 | Create | Villager (Male) |
| 6:28 | Create | Villager (Male) |
| 6:52 | Create | Villager (Male) |
| 7:18 | Create | Villager (Male) |
| 7:21 | Build | House |
| 7:43 | Create | Villager (Male) |
| 8:10 | Create | Villager (Male) |
| 8:12 | Build | Mining Camp |
| 8:34 | Create | Villager (Male) |
| 8:52 | Build | Farm |
| 8:58 | Create | Villager (Male) |
| 9:08 | Build | Farm |
| 9:25 | Create | Villager (Male) |
| 9:48 | Create | Villager (Male) |
| 9:53 | Build | Farm |
| 9:58 | Build | Farm |
| 10:05 | Research | Feudal Age |
| 10:14 | Build | Farm |
| 10:21 | Build | Farm |
| 11:21 | Create | Villager (Male) |
| 11:22 | Create | Villager (Male) |
| 11:34 | Build | House |
| 12:46 | Age | Feudal Age |
| 12:49 | Build | Market |
| 12:56 | Build | Blacksmith |
| 13:38 | Research | Castle Age |
| 14:26 | Build | Barracks |
| 14:35 | Create | Villager (Male) |
| 15:06 | Research | Gold Mining |
| 15:24 | Create | Villager (Male) |
| 15:30 | Build | Archery Range |
| 16:18 | Age | Castle Age |
| 16:23 | Build | Siege Workshop |
| 16:46 | Build | Monastery |
| 16:59 | Build | House |
| 17:16 | Research | Imperial Age |
| 17:19 | Research | Loom |
| 17:28 | Build | Archery Range |
| 18:00 | Research | Double-Bit Axe |
| 18:44 | Build | House |
| 18:52 | Create | Monk |
| 19:01 | Research | Horse Collar |
| 19:07 | Build | Lumber Camp |
| 19:17 | Build | Farm |
| 19:22 | Create | Villager (Male) |
| 19:22 | Create | Villager (Male) |
| 19:47 | Build | Farm |
| 20:26 | Age | Imperial Age |
| 20:35 | Create | Bombard Cannon |
| 20:37 | Create | Bombard Cannon |
| 20:41 | Research | Fletching |
| 20:43 | Create | Hand Cannoneer |
| 20:44 | Create | Hand Cannoneer |
| 20:55 | Build | House |
| 21:15 | Create | Villager (Male) |
| 21:16 | Create | Villager (Male) |
| 21:29 | Create | Villager (Male) |
| 21:30 | Create | Villager (Male) |
| 21:30 | Create | Villager (Male) |
| 21:44 | Create | Hand Cannoneer |
| 21:44 | Create | Hand Cannoneer |
| 21:44 | Create | Hand Cannoneer |
| 22:32 | Create | Villager (Male) |
| 22:32 | Create | Villager (Male) |
| 22:35 | Create | Hand Cannoneer |
| 22:35 | Create | Hand Cannoneer |
| 22:35 | Create | Hand Cannoneer |
| 23:09 | Create | Villager (Male) |
| 23:09 | Create | Villager (Male) |
| 23:13 | Build | Stone Wall |
| 23:43 | Create | Hand Cannoneer |
| 23:43 | Create | Hand Cannoneer |
| 23:47 | Create | Hand Cannoneer ×5 |
| 23:47 | Create | Hand Cannoneer ×5 |
| 23:48 | Create | Hand Cannoneer ×5 |
| 23:59 | Build | House |
| 23:59 | Build | House |
| 24:19 | Research | Bodkin Arrow |
| 24:26 | Create | Hand Cannoneer |
| 24:27 | Create | Hand Cannoneer |
| 24:44 | Create | Bombard Cannon |
| 24:47 | Create | Hand Cannoneer |
| 24:47 | Create | Hand Cannoneer |
| 25:09 | Build | Mining Camp |
| 26:10 | Create | Bombard Cannon |
| 26:25 | Create | Bombard Cannon |
| 26:26 | Create | Villager (Male) |
| 26:26 | Create | Villager (Male) |
| 26:27 | Create | Villager (Male) |
| 26:27 | Create | Villager (Male) |
| 26:40 | Build | Farm |
| 27:20 | Create | Hand Cannoneer ×2 |
| 27:20 | Create | Hand Cannoneer ×2 |
| 27:29 | Create | Hand Cannoneer ×5 |
| 27:29 | Create | Hand Cannoneer ×5 |
| 27:30 | Create | Hand Cannoneer ×2 |
| 27:30 | Create | Hand Cannoneer ×2 |
| 27:42 | Create | Hand Cannoneer |
| 27:42 | Create | Hand Cannoneer |
| 27:51 | Build | Farm |
| 27:51 | Build | Farm |
| 27:52 | Build | Farm |
| 27:52 | Build | Farm |
| 27:52 | Build | Farm |
| 27:52 | Build | Farm |
| 27:53 | Build | Farm |
| 27:53 | Build | Farm |
| 27:54 | Build | Mill |
| 28:17 | Create | Villager (Male) |
| 28:17 | Create | Villager (Male) |
| 28:19 | Build | House |
| 28:19 | Build | House |
| 28:19 | Build | House |
| 28:19 | Build | House |
| 28:42 | Create | Hand Cannoneer |
| 28:42 | Create | Hand Cannoneer |
| 29:21 | Create | Hand Cannoneer ×3 |
| 29:21 | Create | Hand Cannoneer ×3 |
| 29:41 | Build | House |
| 29:42 | Build | House |
| 29:43 | Create | Villager (Male) |
| 29:43 | Create | Villager (Male) |
| 29:47 | Build | Town Center |
| 30:24 | Create | Bombard Cannon |
| 30:26 | Create | Villager (Male) |
Build order — Jack
First 150 of 466 actions detected
| 0:00 | Create | Villager (Male) |
| 0:01 | Create | Villager (Male) |
| 0:02 | Build | House |
| 0:04 | Build | House |
| 0:15 | Create | Villager (Male) |
| 0:17 | Create | Villager (Male) |
| 0:17 | Create | Villager (Male) |
| 1:32 | Create | Villager (Male) |
| 2:14 | Create | Villager (Male) |
| 2:14 | Create | Villager (Male) |
| 2:29 | Create | Villager (Male) |
| 3:18 | Create | Villager (Male) |
| 3:42 | Build | Settlement |
| 3:59 | Create | Villager (Male) |
| 4:32 | Create | Villager (Male) |
| 4:32 | Create | Villager (Male) |
| 4:32 | Create | Villager (Male) |
| 4:59 | Build | Settlement |
| 5:03 | Create | Villager (Male) |
| 5:56 | Create | Villager (Male) |
| 6:15 | Build | Farm |
| 6:18 | Create | Villager (Male) |
| 6:19 | Create | Villager (Male) |
| 6:41 | Create | Villager (Male) |
| 6:42 | Create | Villager (Male) |
| 7:23 | Create | Villager (Male) |
| 7:56 | Create | Villager (Male) |
| 9:06 | Research | Feudal Age |
| 11:09 | Create | Villager (Male) |
| 11:10 | Create | Villager (Male) |
| 11:17 | Age | Feudal Age |
| 11:19 | Build | Market |
| 11:22 | Build | Blacksmith |
| 12:08 | Research | Castle Age |
| 12:24 | Build | Settlement |
| 12:41 | Research | Horse Collar |
| 13:21 | Build | Outpost |
| 13:45 | Build | Farm |
| 13:47 | Build | Farm |
| 13:48 | Build | Farm |
| 14:19 | Build | Outpost |
| 14:28 | Create | Villager (Male) |
| 14:28 | Create | Villager (Male) |
| 14:48 | Age | Castle Age |
| 14:50 | Create | Villager (Male) |
| 14:50 | Create | Villager (Male) |
| 14:56 | Build | Town Center |
| 15:00 | Build | Town Center |
| 15:06 | Create | Villager (Male) |
| 15:06 | Create | Villager (Male) |
| 15:22 | Build | Farm |
| 15:23 | Build | Farm |
| 15:23 | Build | Farm |
| 15:23 | Build | Farm |
| 15:23 | Build | Farm |
| 15:32 | Research | Double-Bit Axe |
| 15:52 | Create | Villager (Male) |
| 16:06 | Build | Farm |
| 16:09 | Create | Villager (Male) |
| 16:12 | Build | Farm |
| 16:12 | Build | Farm |
| 16:13 | Build | Farm |
| 16:29 | Create | Villager (Male) |
| 16:30 | Create | Villager (Male) |
| 16:45 | Build | Outpost |
| 16:52 | Build | Farm |
| 16:54 | Build | Farm |
| 16:58 | Build | Farm |
| 17:04 | Create | Villager (Male) |
| 17:05 | Create | Villager (Male) |
| 17:16 | Build | Farm |
| 17:20 | Research | Loom |
| 17:22 | Create | Villager (Male) |
| 17:35 | Build | Outpost |
| 17:41 | Create | Villager (Male) |
| 17:42 | Create | Villager (Male) |
| 17:42 | Create | Villager (Male) |
| 17:42 | Create | Villager (Male) |
| 17:43 | Create | Villager (Male) |
| 17:44 | Create | Villager (Male) |
| 17:45 | Build | Farm |
| 17:45 | Build | Farm |
| 17:46 | Build | Farm |
| 17:46 | Build | Farm |
| 18:02 | Create | Villager (Male) |
| 18:03 | Create | Villager (Male) |
| 18:16 | Build | Farm |
| 18:19 | Build | Farm |
| 18:21 | Create | Villager (Male) |
| 18:25 | Build | Farm |
| 18:25 | Build | Farm |
| 18:25 | Build | Farm |
| 18:36 | Create | Villager (Male) |
| 18:37 | Create | Villager (Male) |
| 18:48 | Build | Farm |
| 18:50 | Create | Villager (Male) |
| 19:00 | Create | Villager (Male) |
| 19:10 | Build | Farm |
| 19:12 | Build | Farm |
| 19:13 | Create | Villager (Male) |
| 19:14 | Create | Villager (Male) |
| 19:14 | Create | Villager (Male) |
| 19:17 | Build | Farm |
| 19:19 | Create | Villager (Male) |
| 19:25 | Create | Villager (Male) |
| 19:33 | Create | Villager (Male) |
| 19:41 | Create | Villager (Male) |
| 19:43 | Build | Farm |
| 19:44 | Build | Farm |
| 19:47 | Build | Farm |
| 19:49 | Create | Villager (Male) |
| 19:53 | Build | Farm |
| 20:01 | Create | Villager (Male) |
| 20:01 | Create | Villager (Male) |
| 20:19 | Build | Farm |
| 20:21 | Create | Villager (Male) |
| 20:21 | Create | Villager (Male) |
| 20:21 | Create | Villager (Male) |
| 20:26 | Build | Settlement |
| 20:39 | Build | Farm |
| 20:40 | Create | Villager (Male) |
| 20:40 | Create | Villager (Male) |
| 20:41 | Create | Villager (Male) |
| 20:49 | Create | Villager (Male) |
| 20:49 | Create | Villager (Male) |
| 21:00 | Build | Barracks |
| 21:03 | Create | Villager (Male) |
| 21:11 | Build | Farm |
| 21:16 | Create | Villager (Male) |
| 21:18 | Create | Villager (Male) |
| 21:20 | Build | Farm |
| 21:32 | Build | Farm |
| 21:35 | Build | Farm |
| 21:38 | Create | Villager (Male) |
| 21:38 | Create | Villager (Male) |
| 21:41 | Research | Stone Mining |
| 21:43 | Create | Villager (Male) |
| 21:43 | Create | Villager (Male) |
| 21:52 | Research | Squires |
| 22:03 | Build | Barracks |
| 22:05 | Build | Farm |
| 22:08 | Create | Villager (Male) |
| 22:09 | Create | Villager (Male) |
| 22:16 | Build | Farm |
| 22:26 | Create | Villager (Male) |
| 22:26 | Create | Villager (Male) |
| 22:32 | Research | Tech 1402 |
| 22:36 | Create | Villager (Male) |
| 22:36 | Create | Villager (Male) |
| 22:40 | Research | Heavy Plow |
Build order — Svodoo
First 150 of 488 actions detected
| 0:07 | Create | Villager (Male) |
| 0:07 | Create | Villager (Male) |
| 0:07 | Create | Villager (Male) |
| 0:08 | Build | House |
| 0:10 | Build | House |
| 0:16 | Create | Villager (Male) |
| 0:17 | Create | Villager (Male) |
| 1:14 | Create | Villager (Male) |
| 1:14 | Create | Villager (Male) |
| 1:56 | Create | Villager (Male) |
| 1:57 | Create | Villager (Male) |
| 2:18 | Build | Lumber Camp |
| 2:20 | Create | Villager (Male) |
| 2:21 | Create | Villager (Male) |
| 3:13 | Create | Villager (Male) |
| 3:13 | Create | Villager (Male) |
| 3:46 | Create | Villager (Male) |
| 3:55 | Create | Villager (Male) |
| 3:55 | Create | Villager (Male) |
| 4:16 | Build | House |
| 4:21 | Create | Villager (Male) |
| 4:35 | Build | House |
| 4:48 | Create | Villager (Male) |
| 4:48 | Create | Villager (Male) |
| 4:48 | Create | Villager (Male) |
| 5:12 | Build | Mill |
| 5:26 | Create | Villager (Male) |
| 6:17 | Create | Villager (Male) |
| 6:25 | Create | Villager (Male) |
| 7:03 | Research | Feudal Age |
| 7:03 | Research | Feudal Age |
| 8:22 | Create | Villager (Male) |
| 9:17 | Age | Feudal Age |
| 9:20 | Build | Town Center |
| 9:45 | Create | Villager (Male) |
| 9:45 | Create | Villager (Male) |
| 9:50 | Research | Double-Bit Axe |
| 9:52 | Research | Horse Collar |
| 10:12 | Build | Farm |
| 10:17 | Build | House |
| 10:18 | Build | House |
| 10:19 | Build | House |
| 10:19 | Build | House |
| 10:32 | Create | Villager (Male) |
| 10:41 | Build | Farm |
| 10:48 | Create | Villager (Male) |
| 10:51 | Create | Villager (Male) |
| 10:51 | Create | Villager (Male) |
| 11:00 | Research | Loom |
| 11:05 | Create | Villager (Male) |
| 11:05 | Create | Villager (Male) |
| 11:26 | Create | Villager (Male) |
| 11:29 | Build | House |
| 11:42 | Build | Mining Camp |
| 11:44 | Create | Villager (Male) |
| 11:46 | Create | Villager (Male) |
| 11:55 | Build | House |
| 12:01 | Build | Farm |
| 12:07 | Build | Farm |
| 12:45 | Create | Villager (Male) |
| 12:45 | Create | Villager (Male) |
| 12:46 | Create | Villager (Male) |
| 12:47 | Create | Villager (Male) |
| 12:49 | Build | House |
| 12:59 | Build | Farm |
| 13:00 | Build | Farm |
| 13:02 | Build | Farm |
| 13:13 | Build | House |
| 13:15 | Create | Villager (Male) |
| 13:20 | Build | Farm |
| 13:25 | Create | Villager (Male) |
| 13:33 | Build | Farm |
| 13:37 | Build | Mining Camp |
| 13:45 | Build | Blacksmith |
| 13:46 | Create | Villager (Male) |
| 13:52 | Create | Villager (Male) |
| 14:12 | Create | Villager (Male) |
| 14:18 | Build | House |
| 14:20 | Build | House |
| 14:22 | Build | House |
| 14:25 | Create | Villager (Male) |
| 14:32 | Build | Farm |
| 14:36 | Build | House |
| 14:59 | Create | Villager (Male) |
| 14:59 | Create | Villager (Male) |
| 15:04 | Build | Farm |
| 15:15 | Build | Lumber Camp |
| 15:19 | Build | House |
| 15:25 | Build | House |
| 15:26 | Build | House |
| 15:26 | Build | House |
| 15:30 | Create | Villager (Male) |
| 15:30 | Create | Villager (Male) |
| 15:38 | Build | Farm |
| 15:40 | Build | Farm |
| 15:49 | Create | Villager (Male) |
| 15:50 | Create | Villager (Male) |
| 16:07 | Build | Siege Workshop |
| 16:08 | Build | House |
| 16:18 | Build | House |
| 16:20 | Create | Villager (Male) |
| 16:21 | Create | Villager (Male) |
| 16:27 | Build | Farm |
| 16:35 | Build | Farm |
| 16:45 | Build | Farm |
| 16:56 | Build | Farm |
| 17:06 | Build | Farm |
| 17:28 | Build | Farm |
| 17:31 | Build | Farm |
| 17:53 | Create | Villager (Male) |
| 17:53 | Create | Villager (Male) |
| 18:06 | Create | Villager (Male) |
| 18:17 | Research | Castle Age |
| 18:17 | Research | Castle Age |
| 18:33 | Build | Barracks |
| 18:45 | Create | Villager (Male) |
| 18:45 | Create | Villager (Male) |
| 19:15 | Build | Stable |
| 19:21 | Build | Farm |
| 19:24 | Research | Town Watch |
| 19:25 | Create | Villager (Male) |
| 19:25 | Create | Villager (Male) |
| 19:26 | Create | Villager (Male) |
| 19:33 | Build | House |
| 19:53 | Build | House |
| 20:11 | Create | Villager (Male) |
| 20:22 | Build | House |
| 20:24 | Build | House |
| 20:25 | Build | House |
| 20:26 | Build | House |
| 20:27 | Build | House |
| 20:41 | Build | Stable |
| 20:46 | Build | Stable |
| 20:47 | Build | Stable |
| 20:52 | Research | Bloodlines |
| 20:55 | Research | Scale Barding Armor |
| 20:57 | Age | Castle Age |
| 21:02 | Research | Wheelbarrow |
| 21:03 | Create | Villager (Male) |
| 21:03 | Create | Villager (Male) |
| 21:08 | Build | Town Center |
| 21:14 | Create | Steppe Lancer |
| 21:14 | Create | Steppe Lancer |
| 21:17 | Create | Steppe Lancer |
| 21:17 | Create | Steppe Lancer |
| 21:31 | Build | Castle |
| 21:42 | Create | Steppe Lancer |
| 21:43 | Create | Steppe Lancer |
| 21:43 | Create | Steppe Lancer |
| 22:02 | Create | Steppe Lancer |
Build order — Tiger
First 150 of 443 actions detected
| 0:00 | Create | Villager (Male) |
| 0:02 | Build | House |
| 0:03 | Build | House |
| 0:05 | Create | Villager (Male) |
| 0:15 | Create | Villager (Male) |
| 0:19 | Create | Villager (Male) |
| 1:02 | Create | Villager (Male) |
| 1:26 | Create | Villager (Male) |
| 1:39 | Build | Lumber Camp |
| 1:59 | Create | Villager (Male) |
| 2:30 | Create | Villager (Male) |
| 3:09 | Create | Villager (Male) |
| 3:18 | Create | Villager (Male) |
| 3:35 | Create | Villager (Male) |
| 4:06 | Build | House |
| 4:12 | Create | Villager (Male) |
| 4:43 | Build | Mining Camp |
| 4:44 | Create | Villager (Male) |
| 5:05 | Create | Villager (Male) |
| 5:26 | Create | Villager (Male) |
| 5:39 | Build | House |
| 5:42 | Create | Villager (Male) |
| 5:56 | Create | Villager (Male) |
| 6:17 | Create | Villager (Male) |
| 6:24 | Build | Mill |
| 7:09 | Create | Villager (Male) |
| 7:26 | Build | Farm |
| 7:45 | Create | Villager (Male) |
| 8:09 | Research | Feudal Age |
| 8:15 | Build | Farm |
| 8:33 | Build | House |
| 8:58 | Create | Villager (Male) |
| 10:31 | Age | Feudal Age |
| 10:31 | Create | Villager (Male) |
| 10:33 | Create | Villager (Male) |
| 10:35 | Build | Market |
| 10:46 | Create | Villager (Male) |
| 10:55 | Build | Blacksmith |
| 11:24 | Build | Mining Camp |
| 11:46 | Research | Double-Bit Axe |
| 11:48 | Research | Castle Age |
| 11:48 | Research | Castle Age |
| 12:05 | Create | Villager (Male) |
| 12:27 | Research | Horse Collar |
| 12:47 | Create | Villager (Male) |
| 13:00 | Build | Farm |
| 13:03 | Build | Farm |
| 13:07 | Build | Farm |
| 13:31 | Build | Farm |
| 14:16 | Create | Villager (Male) |
| 14:28 | Age | Castle Age |
| 14:32 | Create | Villager (Male) |
| 14:35 | Create | Villager (Male) |
| 14:59 | Create | Villager (Male) |
| 15:02 | Build | Farm |
| 15:29 | Create | Villager (Male) |
| 15:44 | Build | Castle |
| 15:50 | Create | Villager (Male) |
| 15:52 | Build | Farm |
| 15:53 | Build | Farm |
| 15:54 | Research | Bow Saw |
| 16:04 | Build | Farm |
| 16:11 | Create | Villager (Male) |
| 16:15 | Build | House |
| 16:18 | Research | Loom |
| 16:19 | Research | Loom |
| 16:23 | Create | Villager (Male) |
| 16:35 | Research | Gold Mining |
| 16:47 | Build | House |
| 16:48 | Create | Villager (Male) |
| 17:12 | Create | Villager (Male) |
| 17:31 | Create | Ghulam |
| 17:32 | Create | Ghulam |
| 17:32 | Create | Ghulam |
| 17:35 | Create | Villager (Male) |
| 17:52 | Build | Town Center |
| 17:55 | Create | Ghulam |
| 18:01 | Create | Ghulam |
| 18:01 | Create | Ghulam |
| 18:09 | Research | Wheelbarrow |
| 18:14 | Create | Ghulam |
| 18:17 | Research | Scale Mail Armor |
| 18:21 | Create | Villager (Male) |
| 18:26 | Build | Farm |
| 18:32 | Build | Farm |
| 18:43 | Create | Ghulam |
| 18:48 | Build | House |
| 18:57 | Build | Farm |
| 18:59 | Build | Farm |
| 19:02 | Create | Ghulam |
| 19:19 | Create | Villager (Male) |
| 19:19 | Create | Villager (Male) |
| 19:22 | Build | Farm |
| 19:28 | Create | Ghulam |
| 19:33 | Build | House |
| 19:46 | Create | Villager (Male) |
| 19:49 | Build | Mining Camp |
| 19:55 | Create | Ghulam |
| 19:55 | Create | Ghulam |
| 20:07 | Research | Gold Mining |
| 20:08 | Create | Ghulam |
| 20:10 | Create | Villager (Male) |
| 20:12 | Build | House |
| 20:12 | Build | House |
| 20:34 | Create | Villager (Male) |
| 20:38 | Build | Farm |
| 20:39 | Create | Ghulam |
| 20:48 | Create | Ghulam |
| 20:50 | Create | Villager (Male) |
| 20:50 | Create | Villager (Male) |
| 20:51 | Create | Villager (Male) |
| 20:51 | Create | Villager (Male) |
| 20:54 | Build | Farm |
| 21:06 | Create | Ghulam |
| 21:06 | Create | Ghulam |
| 21:07 | Create | Ghulam |
| 21:13 | Build | Farm |
| 21:17 | Build | Farm |
| 21:25 | Create | Villager (Male) |
| 21:27 | Create | Villager (Male) |
| 21:32 | Build | House |
| 21:33 | Build | House |
| 21:35 | Create | Ghulam |
| 21:37 | Create | Ghulam |
| 21:42 | Create | Villager (Male) |
| 21:53 | Create | Petard |
| 21:58 | Build | Farm |
| 22:07 | Create | Villager (Male) |
| 22:10 | Create | Villager (Male) |
| 22:14 | Create | Petard |
| 22:19 | Build | Farm |
| 22:27 | Build | House |
| 22:38 | Research | Scale Barding Armor |
| 22:43 | Research | Chain Mail Armor |
| 22:43 | Research | Chain Mail Armor |
| 22:46 | Create | Ghulam |
| 22:57 | Create | Ghulam |
| 23:13 | Research | Forging |
| 23:15 | Create | Villager (Male) |
| 23:15 | Create | Villager (Male) |
| 23:25 | Create | Ghulam |
| 23:25 | Create | Ghulam |
| 23:34 | Create | Ghulam |
| 23:36 | Create | Villager (Male) |
| 23:40 | Build | Town Center |
| 23:52 | Create | Ghulam |
| 24:05 | Create | Ghulam |
| 24:06 | Create | Ghulam |
| 24:27 | Create | Ghulam |
| 24:27 | Create | Ghulam |
Build order — 16岁少女在公交车上被11个大汉轮流让座
First 150 of 536 actions detected
| 0:01 | Create | Villager (Male) |
| 0:01 | Create | Villager (Male) |
| 0:02 | Build | House |
| 0:03 | Build | House |
| 0:25 | Create | Villager (Male) |
| 0:26 | Create | Villager (Male) |
| 0:26 | Create | Villager (Male) |
| 1:25 | Create | Villager (Male) |
| 1:26 | Create | Villager (Male) |
| 1:41 | Build | Lumber Camp |
| 2:14 | Create | Villager (Male) |
| 2:14 | Create | Villager (Male) |
| 2:27 | Create | Villager (Male) |
| 2:27 | Create | Villager (Male) |
| 3:01 | Create | Villager (Male) |
| 3:02 | Create | Villager (Male) |
| 3:40 | Create | Villager (Male) |
| 3:40 | Create | Villager (Male) |
| 3:43 | Build | House |
| 3:51 | Build | House |
| 3:54 | Create | Villager (Male) |
| 3:55 | Create | Villager (Male) |
| 4:00 | Create | Villager (Male) |
| 4:00 | Create | Villager (Male) |
| 4:54 | Build | Mill |
| 4:55 | Create | Villager (Male) |
| 5:11 | Create | Villager (Male) |
| 5:11 | Create | Villager (Male) |
| 5:12 | Create | Villager (Male) |
| 5:12 | Create | Villager (Male) |
| 6:12 | Create | Villager (Male) |
| 6:12 | Create | Villager (Male) |
| 6:24 | Create | Villager (Male) |
| 6:24 | Create | Villager (Male) |
| 6:25 | Create | Villager (Male) |
| 7:14 | Create | Villager (Male) |
| 7:15 | Create | Villager (Male) |
| 7:15 | Create | Villager (Male) |
| 7:15 | Create | Villager (Male) |
| 7:43 | Build | Mining Camp |
| 8:12 | Research | Feudal Age |
| 8:33 | Build | Farm |
| 8:41 | Build | House |
| 8:46 | Build | House |
| 8:59 | Build | Farm |
| 9:27 | Create | Villager (Male) |
| 9:27 | Create | Villager (Male) |
| 10:39 | Age | Feudal Age |
| 10:42 | Build | Market |
| 10:48 | Build | Market |
| 10:51 | Build | Blacksmith |
| 11:37 | Research | Castle Age |
| 11:37 | Research | Castle Age |
| 11:56 | Research | Double-Bit Axe |
| 12:03 | Build | House |
| 12:20 | Research | Horse Collar |
| 12:34 | Build | Farm |
| 13:31 | Build | Farm |
| 13:37 | Create | Villager (Male) |
| 14:08 | Create | Villager (Male) |
| 14:17 | Age | Castle Age |
| 14:18 | Build | Town Center |
| 14:24 | Build | Town Center |
| 14:27 | Research | Bow Saw |
| 14:43 | Build | Farm |
| 14:45 | Build | Farm |
| 15:03 | Build | Farm |
| 15:17 | Create | Villager (Male) |
| 15:18 | Create | Villager (Male) |
| 15:20 | Build | Farm |
| 15:31 | Build | Farm |
| 15:33 | Build | Farm |
| 15:42 | Build | Farm |
| 15:45 | Create | Villager (Male) |
| 15:56 | Build | Farm |
| 16:03 | Build | Farm |
| 16:08 | Create | Villager (Male) |
| 16:11 | Research | Loom |
| 16:24 | Create | Villager (Male) |
| 16:31 | Create | Villager (Male) |
| 16:34 | Build | Farm |
| 16:38 | Build | Farm |
| 16:44 | Create | Villager (Male) |
| 16:46 | Create | Villager (Male) |
| 16:49 | Build | Farm |
| 16:54 | Create | Villager (Male) |
| 16:58 | Build | Farm |
| 17:12 | Build | Farm |
| 17:14 | Build | Farm |
| 17:16 | Build | Farm |
| 17:18 | Create | Villager (Male) |
| 17:20 | Create | Villager (Male) |
| 17:22 | Create | Villager (Male) |
| 17:29 | Build | House |
| 17:30 | Build | House |
| 17:31 | Build | House |
| 17:32 | Build | House |
| 17:34 | Build | House |
| 17:38 | Create | Villager (Male) |
| 17:41 | Build | Farm |
| 17:44 | Create | Villager (Male) |
| 17:52 | Create | Villager (Male) |
| 17:56 | Build | Farm |
| 18:07 | Create | Villager (Male) |
| 18:12 | Create | Villager (Male) |
| 18:15 | Build | Farm |
| 18:20 | Create | Villager (Male) |
| 18:40 | Build | Lumber Camp |
| 18:43 | Create | Villager (Male) |
| 18:47 | Create | Villager (Male) |
| 18:49 | Build | Farm |
| 18:51 | Build | Farm |
| 18:54 | Create | Villager (Male) |
| 18:55 | Create | Villager (Male) |
| 18:58 | Create | Villager (Male) |
| 19:13 | Create | Villager (Male) |
| 19:14 | Create | Villager (Male) |
| 19:19 | Build | House |
| 19:20 | Build | House |
| 19:21 | Build | House |
| 19:22 | Build | House |
| 19:23 | Build | House |
| 19:25 | Create | Villager (Male) |
| 19:27 | Create | Villager (Male) |
| 19:41 | Build | Barracks |
| 19:42 | Create | Villager (Male) |
| 19:43 | Create | Villager (Male) |
| 19:45 | Create | Villager (Male) |
| 19:58 | Build | Mill |
| 19:59 | Build | Farm |
| 20:02 | Create | Villager (Male) |
| 20:03 | Create | Villager (Male) |
| 20:06 | Build | Farm |
| 20:11 | Research | Gold Mining |
| 20:25 | Research | Heavy Plow |
| 20:25 | Research | Heavy Plow |
| 20:31 | Create | Villager (Male) |
| 20:37 | Build | Farm |
| 20:38 | Build | Farm |
| 20:40 | Create | Villager (Male) |
| 20:45 | Create | Villager (Male) |
| 20:54 | Create | Villager (Male) |
| 21:00 | Build | Archery Range |
| 21:04 | Create | Villager (Male) |
| 21:05 | Create | Villager (Male) |
| 21:22 | Create | Villager (Male) |
| 21:24 | Create | Villager (Male) |
| 21:25 | Create | Villager (Male) |
| 21:34 | Build | Farm |
| 21:35 | Build | Farm |
Build order — PINLIN
First 150 of 335 actions detected
| 0:01 | Create | Villager (Male) |
| 0:02 | Build | House |
| 0:04 | Build | House |
| 0:17 | Create | Villager (Male) |
| 0:17 | Create | Villager (Male) |
| 0:32 | Create | Villager (Male) |
| 1:36 | Create | Villager (Male) |
| 1:36 | Create | Villager (Male) |
| 2:00 | Create | Villager (Male) |
| 2:08 | Build | Lumber Camp |
| 2:27 | Create | Villager (Male) |
| 2:28 | Create | Villager (Male) |
| 3:15 | Create | Villager (Male) |
| 3:16 | Create | Villager (Male) |
| 3:30 | Build | House |
| 3:31 | Build | House |
| 3:31 | Build | House |
| 3:43 | Create | Villager (Male) |
| 4:04 | Build | House |
| 4:22 | Create | Villager (Male) |
| 4:22 | Create | Villager (Male) |
| 4:45 | Create | Villager (Male) |
| 5:20 | Build | Mill |
| 5:21 | Create | Villager (Male) |
| 5:22 | Create | Villager (Male) |
| 5:44 | Create | Villager (Male) |
| 5:53 | Create | Villager (Male) |
| 6:09 | Create | Villager (Male) |
| 6:10 | Create | Villager (Male) |
| 7:47 | Research | Feudal Age |
| 7:47 | Create | Villager (Male) |
| 8:04 | Build | Mining Camp |
| 9:46 | Create | Villager (Male) |
| 9:50 | Build | Farm |
| 9:51 | Build | Farm |
| 9:51 | Build | Farm |
| 10:31 | Age | Feudal Age |
| 10:33 | Build | Market |
| 10:38 | Build | Blacksmith |
| 11:18 | Build | Mining Camp |
| 11:32 | Research | Castle Age |
| 12:01 | Research | Stone Mining |
| 12:52 | Create | Villager (Male) |
| 12:54 | Research | Loom |
| 12:54 | Create | Villager (Male) |
| 14:12 | Age | Castle Age |
| 14:21 | Research | Double-Bit Axe |
| 14:22 | Research | Double-Bit Axe |
| 14:42 | Build | Palisade Gate |
| 14:46 | Build | Castle |
| 14:53 | Build | Palisade Wall |
| 14:54 | Build | Palisade Gate |
| 15:00 | Build | Palisade Wall |
| 15:02 | Create | Villager (Male) |
| 15:05 | Build | Farm |
| 15:28 | Create | Villager (Male) |
| 15:28 | Create | Villager (Male) |
| 15:56 | Build | Mining Camp |
| 16:02 | Build | Farm |
| 16:05 | Create | Villager (Male) |
| 16:06 | Create | Throwing Axeman |
| 16:11 | Create | Throwing Axeman |
| 16:28 | Build | Farm |
| 16:35 | Build | Farm |
| 16:37 | Create | Villager (Male) |
| 16:57 | Build | Farm |
| 16:57 | Build | Farm |
| 16:58 | Build | Farm |
| 17:00 | Create | Throwing Axeman |
| 17:07 | Create | Throwing Axeman |
| 17:26 | Create | Throwing Axeman |
| 17:30 | Build | Farm |
| 17:32 | Build | Farm |
| 17:42 | Create | Petard |
| 18:10 | Build | Farm |
| 18:11 | Create | Villager (Male) |
| 18:13 | Build | Farm |
| 18:13 | Build | Farm |
| 18:18 | Create | Throwing Axeman |
| 18:28 | Create | Throwing Axeman |
| 18:29 | Create | Petard |
| 18:50 | Create | Throwing Axeman |
| 19:18 | Create | Villager (Male) |
| 19:18 | Create | Villager (Male) |
| 19:22 | Build | Farm |
| 19:44 | Create | Throwing Axeman |
| 19:47 | Create | Throwing Axeman |
| 19:48 | Build | Farm |
| 20:02 | Create | Throwing Axeman |
| 20:12 | Create | Villager (Male) |
| 20:17 | Build | Town Center |
| 20:34 | Create | Villager (Male) |
| 20:42 | Build | House |
| 20:43 | Build | House |
| 20:43 | Build | House |
| 20:43 | Build | House |
| 20:59 | Research | Fletching |
| 21:01 | Research | Forging |
| 21:26 | Create | Throwing Axeman ×2 |
| 21:36 | Create | Villager (Male) |
| 21:48 | Create | Villager (Male) |
| 21:54 | Build | Farm |
| 21:54 | Build | Farm |
| 21:54 | Build | Farm |
| 21:54 | Build | Farm |
| 22:10 | Create | Throwing Axeman |
| 22:10 | Create | Throwing Axeman |
| 22:11 | Create | Villager (Male) |
| 22:14 | Build | House |
| 22:14 | Build | House |
| 22:49 | Create | Throwing Axeman |
| 22:49 | Create | Throwing Axeman |
| 22:54 | Create | Throwing Axeman |
| 23:13 | Create | Villager (Male) ×2 |
| 23:19 | Create | Villager (Male) |
| 23:51 | Create | Villager (Male) ×4 |
| 24:20 | Create | Villager (Male) ×3 |
| 24:31 | Create | Villager (Male) |
| 24:43 | Create | Villager (Male) |
| 24:48 | Build | Town Center |
| 25:02 | Create | Villager (Male) ×3 |
| 25:12 | Build | Lumber Camp |
| 25:42 | Create | Villager (Male) |
| 26:01 | Create | Throwing Axeman ×4 |
| 26:24 | Create | Villager (Male) ×2 |
| 26:26 | Build | Farm |
| 26:31 | Build | Farm |
| 26:31 | Build | Farm |
| 26:32 | Build | Farm |
| 26:32 | Build | Farm |
| 26:32 | Build | Farm |
| 26:32 | Build | Farm |
| 26:45 | Create | Villager (Male) ×3 |
| 27:14 | Build | Barracks |
| 27:21 | Create | Villager (Male) ×5 |
| 27:28 | Build | House |
| 27:28 | Build | House |
| 27:28 | Build | House |
| 27:28 | Build | House |
| 27:29 | Build | House |
| 27:29 | Build | House |
| 27:29 | Build | House |
| 27:39 | Create | Villager (Male) ×2 |
| 27:45 | Build | University |
| 28:02 | Create | Villager (Male) ×3 |
| 28:17 | Build | Gate |
| 29:01 | Build | Lumber Camp |
| 29:11 | Build | House |
| 29:14 | Build | House |
| 29:27 | Build | House |
Build order — 2987052186
First 150 of 475 actions detected
| 0:02 | Create | Villager (Male) |
| 0:02 | Create | Villager (Male) |
| 0:03 | Create | Villager (Male) |
| 0:05 | Build | House |
| 0:05 | Build | House |
| 0:07 | Build | House |
| 0:44 | Create | Villager (Male) |
| 0:44 | Create | Villager (Male) |
| 1:45 | Create | Villager (Male) |
| 1:45 | Create | Villager (Male) |
| 2:14 | Create | Villager (Male) |
| 2:14 | Create | Villager (Male) |
| 2:14 | Create | Villager (Male) |
| 2:35 | Create | Villager (Male) |
| 3:00 | Create | Villager (Male) |
| 3:01 | Create | Villager (Male) |
| 3:24 | Create | Villager (Male) |
| 3:53 | Create | Villager (Male) |
| 4:12 | Create | Villager (Male) |
| 4:36 | Build | Lumber Camp |
| 4:42 | Build | Mill |
| 4:51 | Create | Villager (Male) |
| 4:51 | Create | Villager (Male) |
| 4:51 | Create | Villager (Male) |
| 4:51 | Create | Villager (Male) |
| 5:39 | Create | Villager (Male) |
| 5:39 | Create | Villager (Male) |
| 6:32 | Create | Villager (Male) |
| 6:36 | Build | House |
| 7:00 | Build | House |
| 7:02 | Create | Villager (Male) |
| 7:22 | Create | Villager (Male) |
| 7:57 | Create | Villager (Male) |
| 7:57 | Create | Villager (Male) |
| 8:49 | Research | Feudal Age |
| 8:49 | Research | Feudal Age |
| 8:53 | Build | Farm |
| 10:50 | Create | Villager (Male) |
| 10:50 | Create | Villager (Male) |
| 10:59 | Age | Feudal Age |
| 11:09 | Build | Market |
| 11:12 | Build | Blacksmith |
| 11:57 | Research | Double-Bit Axe |
| 11:58 | Research | Castle Age |
| 11:58 | Research | Castle Age |
| 12:06 | Build | Lumber Camp |
| 12:45 | Build | Farm |
| 12:52 | Build | Farm |
| 13:09 | Build | House |
| 13:22 | Build | Farm |
| 13:23 | Build | Farm |
| 13:49 | Build | House |
| 14:12 | Build | House |
| 14:38 | Age | Castle Age |
| 14:44 | Build | House |
| 14:47 | Create | Villager (Male) |
| 14:47 | Create | Villager (Male) |
| 14:53 | Build | Town Center |
| 15:01 | Build | Town Center |
| 15:18 | Create | Villager (Male) |
| 15:27 | Build | Siege Workshop |
| 15:36 | Create | Villager (Male) |
| 15:39 | Build | Farm |
| 15:42 | Build | Farm |
| 16:07 | Create | Villager (Male) |
| 16:10 | Build | Farm |
| 16:14 | Build | House |
| 16:25 | Research | Horse Collar |
| 16:35 | Create | Villager (Male) |
| 16:39 | Build | House |
| 16:45 | Build | Farm |
| 16:49 | Build | Farm |
| 16:53 | Create | Villager (Male) |
| 16:54 | Create | Villager (Male) |
| 16:54 | Create | Villager (Male) |
| 16:54 | Create | Villager (Male) |
| 17:08 | Research | Wheelbarrow |
| 17:08 | Research | Wheelbarrow |
| 17:14 | Research | Loom |
| 17:20 | Build | Farm |
| 17:21 | Build | Farm |
| 17:22 | Build | Farm |
| 17:43 | Build | House |
| 17:46 | Create | Mangonel |
| 17:50 | Create | Villager (Male) |
| 17:51 | Create | Villager (Male) |
| 17:51 | Create | Villager (Male) |
| 18:06 | Create | Villager (Male) |
| 18:06 | Create | Villager (Male) |
| 18:06 | Create | Villager (Male) |
| 18:12 | Build | Farm |
| 18:13 | Build | Farm |
| 18:17 | Build | Farm |
| 18:19 | Build | Farm |
| 18:19 | Build | Farm |
| 18:30 | Create | Villager (Male) |
| 18:31 | Create | Villager (Male) |
| 18:46 | Create | Villager (Male) |
| 18:46 | Create | Villager (Male) |
| 18:47 | Create | Villager (Male) |
| 18:47 | Create | Villager (Male) |
| 18:47 | Create | Villager (Male) |
| 18:47 | Create | Villager (Male) |
| 18:57 | Build | Farm |
| 19:03 | Build | Farm |
| 19:04 | Build | Farm |
| 19:07 | Create | Villager (Male) |
| 19:08 | Create | Villager (Male) |
| 19:08 | Create | Villager (Male) |
| 19:08 | Create | Villager (Male) |
| 19:08 | Create | Villager (Male) |
| 19:09 | Create | Villager (Male) |
| 19:09 | Create | Villager (Male) |
| 19:09 | Create | Villager (Male) |
| 19:10 | Create | Villager (Male) |
| 19:35 | Create | Villager (Male) |
| 19:35 | Create | Villager (Male) |
| 19:35 | Create | Villager (Male) |
| 19:36 | Create | Villager (Male) |
| 19:36 | Create | Villager (Male) |
| 19:47 | Build | Farm |
| 19:49 | Build | Farm |
| 19:52 | Build | Farm |
| 19:56 | Build | Farm |
| 19:57 | Build | Farm |
| 19:59 | Build | Farm |
| 20:02 | Create | Villager (Male) |
| 20:02 | Create | Villager (Male) |
| 20:03 | Create | Villager (Male) |
| 20:03 | Create | Villager (Male) |
| 20:04 | Create | Villager (Male) |
| 20:23 | Research | Heavy Plow |
| 20:23 | Research | Heavy Plow |
| 20:24 | Create | Villager (Male) |
| 20:24 | Create | Villager (Male) |
| 20:25 | Create | Villager (Male) |
| 20:49 | Create | Villager (Male) |
| 20:51 | Create | Villager (Male) |
| 20:58 | Research | Bow Saw |
| 20:59 | Research | Bow Saw |
| 21:06 | Create | Villager (Male) |
| 21:07 | Create | Villager (Male) |
| 21:07 | Create | Villager (Male) |
| 21:13 | Build | House |
| 21:15 | Build | House |
| 21:16 | Build | House |
| 21:21 | Create | Villager (Male) |
| 21:21 | Create | Villager (Male) |
| 21:21 | Create | Villager (Male) |
| 21:21 | Create | Villager (Male) |
Build order — TwHA0
First 150 of 235 actions detected
| 0:01 | Create | Villager (Male) |
| 0:01 | Create | Villager (Male) |
| 0:03 | Build | House |
| 0:05 | Build | House |
| 0:43 | Create | Villager (Male) |
| 0:44 | Create | Villager (Male) |
| 0:44 | Create | Villager (Male) |
| 1:22 | Create | Villager (Male) |
| 1:50 | Build | Lumber Camp |
| 2:26 | Create | Villager (Male) |
| 2:27 | Create | Villager (Male) |
| 2:27 | Create | Villager (Male) |
| 3:19 | Create | Villager (Male) |
| 3:20 | Create | Villager (Male) |
| 3:20 | Create | Villager (Male) |
| 3:20 | Create | Villager (Male) |
| 3:31 | Build | House |
| 4:01 | Create | Villager (Male) |
| 4:34 | Create | Villager (Male) |
| 4:35 | Create | Villager (Male) |
| 4:35 | Create | Villager (Male) |
| 5:35 | Create | Villager (Male) |
| 5:36 | Create | Villager (Male) |
| 5:37 | Create | Villager (Male) |
| 5:40 | Build | House |
| 6:18 | Build | Mill |
| 6:59 | Create | Villager (Male) |
| 7:00 | Create | Villager (Male) |
| 7:34 | Create | Villager (Male) |
| 7:39 | Create | Villager (Male) |
| 7:46 | Research | Feudal Age |
| 8:24 | Build | Mining Camp |
| 9:18 | Create | Villager (Male) |
| 9:59 | Create | Villager (Male) |
| 10:31 | Age | Feudal Age |
| 10:35 | Build | Market |
| 10:42 | Build | Blacksmith |
| 11:31 | Research | Castle Age |
| 11:54 | Research | Double-Bit Axe |
| 12:32 | Research | Horse Collar |
| 13:36 | Create | Villager (Male) |
| 13:36 | Create | Villager (Male) |
| 14:10 | Build | House |
| 14:11 | Age | Castle Age |
| 14:16 | Build | Town Center |
| 14:27 | Build | Monastery |
| 14:42 | Build | Farm |
| 14:44 | Build | Farm |
| 14:59 | Build | Town Center |
| 15:19 | Create | Monk |
| 15:19 | Create | Monk |
| 15:24 | Build | Farm |
| 15:27 | Build | Farm |
| 15:42 | Create | Villager (Male) |
| 15:42 | Create | Villager (Male) |
| 15:58 | Create | Villager (Male) |
| 16:24 | Create | Monk |
| 16:41 | Build | Farm |
| 16:43 | Build | Farm |
| 16:48 | Create | Villager (Male) ×2 |
| 16:55 | Research | Loom |
| 17:00 | Build | Farm |
| 17:02 | Build | Farm |
| 17:04 | Build | Farm |
| 17:25 | Build | Farm |
| 17:28 | Build | Farm |
| 17:30 | Create | Villager (Male) |
| 17:39 | Build | Farm |
| 17:49 | Create | Villager (Male) |
| 18:09 | Create | Monk |
| 18:12 | Create | Villager (Male) |
| 18:17 | Build | Farm |
| 18:19 | Build | Farm |
| 18:52 | Build | House |
| 18:53 | Build | House |
| 18:54 | Build | House |
| 18:57 | Create | Villager (Male) |
| 18:57 | Create | Villager (Male) |
| 18:57 | Create | Villager (Male) |
| 19:03 | Build | Farm |
| 19:32 | Create | Villager (Male) |
| 19:32 | Create | Villager (Male) |
| 19:33 | Create | Villager (Male) |
| 19:52 | Create | Villager (Male) |
| 19:53 | Create | Villager (Male) |
| 19:53 | Create | Villager (Male) |
| 19:59 | Build | Farm |
| 20:20 | Build | Farm |
| 20:20 | Build | Farm |
| 20:20 | Build | Farm |
| 20:25 | Build | Farm |
| 20:37 | Build | Farm |
| 20:37 | Build | Farm |
| 20:53 | Build | House |
| 20:54 | Build | House |
| 20:59 | Build | House |
| 20:59 | Build | House |
| 21:00 | Build | House |
| 21:02 | Build | Farm |
| 21:11 | Build | Farm |
| 21:15 | Build | Farm |
| 21:18 | Build | Farm |
| 21:22 | Create | Villager (Male) ×5 |
| 21:24 | Research | Wheelbarrow |
| 22:00 | Research | Redemption |
| 22:15 | Build | Farm |
| 22:20 | Research | Gold Mining |
| 22:29 | Build | University |
| 22:32 | Build | House |
| 22:37 | Create | Villager (Male) ×5 |
| 22:51 | Research | Bow Saw |
| 22:54 | Research | Heavy Plow |
| 24:04 | Build | House |
| 24:05 | Build | House |
| 24:07 | Build | House |
| 24:16 | Create | Villager (Male) ×5 |
| 24:34 | Build | Mining Camp |
| 24:38 | Research | Stone Mining |
| 24:44 | Research | Imperial Age |
| 24:55 | Build | House |
| 25:54 | Build | Monastery |
| 26:26 | Research | Fervor |
| 26:48 | Create | Villager (Male) ×5 |
| 26:49 | Create | Villager (Male) ×5 |
| 27:27 | Build | Monastery |
| 27:53 | Research | Fletching |
| 27:53 | Research | Padded Archer Armor |
| 28:13 | Create | Villager (Male) ×5 |
| 28:16 | Age | Imperial Age |
| 28:30 | Create | Monk |
| 28:31 | Create | Monk |
| 28:36 | Build | House |
| 28:40 | Build | House |
| 29:08 | Create | Villager (Male) ×5 |
| 29:15 | Research | Stone Shaft Mining |
| 29:53 | Build | Castle |
| 30:04 | Create | Villager (Male) ×5 |
| 30:17 | Research | Hand Cart |
| 30:26 | Research | Bodkin Arrow |
| 30:26 | Research | Leather Archer Armor |
| 30:41 | Research | Chemistry |
| 30:44 | Research | Ballistics |
| 30:54 | Build | Barracks |
| 30:59 | Build | Siege Workshop |
| 31:01 | Build | Siege Workshop |
| 31:02 | Build | Siege Workshop |
| 31:07 | Create | Villager (Male) |
| 31:07 | Create | Villager (Male) |
| 31:07 | Create | Villager (Male) |
| 31:08 | Create | Villager (Male) |
Match timeline
| 9:17 | Svodoo · age_up feudal |
| 10:31 | Tiger · age_up feudal |
| 10:31 | PINLIN · age_up feudal |
| 10:31 | TwHA0 · age_up feudal |
| 10:39 | 16岁少女在公交车上被11个大汉轮流让座 · age_up feudal |
| 10:59 | 2987052186 · age_up feudal |
| 11:17 | Jack · age_up feudal |
| 12:46 | Futhark · age_up feudal |
| 13:44 | Futhark · first_market_sell 100 stone |
| 14:11 | TwHA0 · age_up castle |
| 14:12 | PINLIN · age_up castle |
| 14:17 | 16岁少女在公交车上被11个大汉轮流让座 · age_up castle |
| 14:26 | Futhark · first_building Barracks |
| 14:27 | TwHA0 · first_building Monastery |
| 14:28 | Tiger · age_up castle |
| 14:38 | 2987052186 · age_up castle |
| 14:46 | PINLIN · first_building Castle |
| 14:48 | Jack · age_up castle |
| 14:53 | PINLIN · wall_segment Palisade Wall x1 |
| 15:00 | PINLIN · wall_segment Palisade Wall x1 |
| 15:02 | Futhark · first_market_buy 100 food |
| 15:27 | 2987052186 · first_building Siege Workshop |
| 15:30 | Futhark · first_building Archery Range |
| 15:44 | Tiger · first_building Castle |
| 16:07 | Svodoo · first_building Siege Workshop |
| 16:18 | Futhark · age_up castle |
| 16:23 | Futhark · first_building Siege Workshop |
| 16:46 | Futhark · first_building Monastery |
| 16:59 | PINLIN · first_market_buy 100 food |
| 18:33 | Svodoo · first_building Barracks |
| 19:15 | Svodoo · first_building Stable |
| 19:41 | 16岁少女在公交车上被11个大汉轮流让座 · first_building Barracks |
| 20:21 | 2987052186 · first_market_buy 100 food |
| 20:26 | Futhark · age_up imperial |
| 20:57 | Svodoo · age_up castle |
| 21:00 | Jack · first_building Barracks |
| 21:00 | 16岁少女在公交车上被11个大汉轮流让座 · first_building Archery Range |
| 21:04 | Tiger · first_market_sell 100 wood |
| 21:31 | Svodoo · first_building Castle |
| 22:03 | 2987052186 · first_building Barracks |
| 22:45 | Tiger · first_market_buy 100 food |
| 22:52 | 2987052186 · first_building Monastery |
| 23:03 | 2987052186 · first_building Archery Range |
| 23:12 | 16岁少女在公交车上被11个大汉轮流让座 · first_building Monastery |
| 23:13 | Futhark · wall_segment Stone Wall x2 |
| 25:20 | Tiger · first_building Barracks |
| 25:50 | 16岁少女在公交车上被11个大汉轮流让座 · first_building Castle |
| 26:55 | 2987052186 · first_building Castle |
| 26:58 | Jack · first_building Monastery |
| 27:14 | PINLIN · first_building Barracks |
| 28:16 | TwHA0 · age_up imperial |
| 28:19 | Jack · first_market_sell 100 food |
| 29:06 | Jack · first_building Castle |
| 29:31 | 16岁少女在公交车上被11个大汉轮流让座 · first_market_sell 500 food |
| 29:45 | TwHA0 · first_market_buy 100 stone |
| 29:53 | TwHA0 · first_building Castle |
| 29:53 | PINLIN · wall_segment Stone Wall x1 |
| 30:54 | Tiger · first_building Archery Range |
| 30:54 | TwHA0 · first_building Barracks |
| 30:59 | TwHA0 · first_building Siege Workshop |
| 31:17 | Svodoo · first_market_sell 100 food |
| 31:47 | Jack · age_up imperial |
| 33:05 | Tiger · age_up imperial |
| 34:06 | 16岁少女在公交车上被11个大汉轮流让座 · first_building Siege Workshop |
| 34:35 | 16岁少女在公交车上被11个大汉轮流让座 · age_up imperial |
| 34:47 | Svodoo · age_up imperial |
| 39:07 | PINLIN · first_building Monastery |
| 39:26 | PINLIN · first_building Stable |
| 40:35 | 2987052186 · age_up imperial |
| 40:41 | Futhark · first_building Stable |
| 41:54 | TwHA0 · tribute_sent a jugador 1 |
| 41:54 | TwHA0 · tribute_sent a jugador 2 |
| 41:54 | TwHA0 · tribute_sent a jugador 3 |
| 41:54 | TwHA0 · tribute_sent a jugador 4 |
| 41:54 | TwHA0 · tribute_sent a jugador 5 |
| 41:54 | TwHA0 · tribute_sent a jugador 6 |
| 41:54 | TwHA0 · tribute_sent a jugador 7 |
| 42:29 | PINLIN · age_up imperial |
| 42:44 | Tiger · first_building Siege Workshop |
| 43:46 | Tiger · resign |
| 46:00 | TwHA0 · tribute_sent a jugador 1 |
| 46:00 | TwHA0 · tribute_sent a jugador 2 |
| 46:00 | TwHA0 · tribute_sent a jugador 3 |
| 46:00 | TwHA0 · tribute_sent a jugador 4 |
| 46:00 | TwHA0 · tribute_sent a jugador 5 |
| 46:00 | TwHA0 · tribute_sent a jugador 6 |
| 46:00 | TwHA0 · tribute_sent a jugador 7 |
[ AI ANALYSIS · 1 CREDIT ]
What really happened in this match?
Wolo.gg analyzes every decision: build order, eco, micro, common mistakes by bracket. Personalized analysis on WhatsApp or Discord in 30 seconds.
Civ guide
Turks
Perfil
Jugador #3002200